 Dungeon Crawl Stone Soup version 0.31-a0-844-gdc52ec4e09 (webtiles) character file.

Game seed: 4938547905110818635

4101 Xavori the Covert (level 10, -2/66 HPs)
             Began as an Octopode Chaos Knight on Sept 28, 2023.
             Was a Plaything of Xom.
             Slain by a two-headed ogre
             ... wielding a +0 giant club
              (31 damage)
             ... on level 9 of the Dungeon.
             The game lasted 00:10:13 (12312 turns).

Xavori the Covert (Octopode Chaos Knight)          Turns: 12312, Time: 00:10:14

Health: -2/66      AC:  4    Str: 14    XL:     10   Next: 26%
Magic:  10/10      EV: 17    Int: 13    God:    Xom [*.....]
Gold:   364        SH:  7    Dex: 31    Spells: 9/9 levels left

rFire   . . .        e - +1 short sword (drain)
rCold   + . .        z - +0 buckler
rNeg    . . .        (helmet restricted)
rPois   .            x - amulet of faith
rElec   .            v - ring of wizardry
rCorr   +            y - +6 ring of dexterity
SInv    .            B - +6 ring of dexterity
Will    .....        D - ring of resist corrosion
Stlth   +++++++      (no ring)
HPRegen 0.31/turn    (no ring)
MPRegen 0.12/turn    (no ring)
                     (no ring)

%: faith, wizardry (x1)
@: studying Long Blades
A: almost no armour, amphibious, 8 rings, camouflage 1, gelatinous body 1,
(nimble swimmer 1), tentacles, tentacle spike 1, iridescent scales 1, agile 1,
cold resistance 1, shaggy fur 1, strong 1, wild magic 1, evolution 1, MP-powered
wands
a: Renounce Religion


You were on level 9 of the Dungeon.
You worshipped Xom.
You were a special plaything of Xom.
You visited 1 branch of the dungeon, and saw 9 of its levels.

You collected 364 gold pieces.

Inventory:

Hand Weapons
 a - a +0 short sword of chaos
 e - a +1 short sword of draining (weapon)
 H - a +3 dagger
Missiles
 k - 3 throwing nets
Armour
 z - a +0 buckler (worn)
Jewellery
 v - a ring of wizardry (left tentacle)
 x - an amulet of faith (around mantle)
 y - a +6 ring of dexterity (right tentacle)
 B - a +6 ring of dexterity (on tentacle)
 D - a ring of resist corrosion (on tentacle)
Wands
 o - a wand of paralysis (5)
Scrolls
 b - a scroll of butterflies
 f - a scroll of fear
 g - 3 scrolls of revelation
 p - 2 scrolls of amnesia
 q - 2 scrolls of vulnerability
 r - 2 scrolls of enchant weapon
 s - 3 scrolls of teleportation
 t - a scroll of enchant armour
 A - a scroll of silence
 C - 2 scrolls of fog
 E - 2 scrolls of blinking
 F - a scroll of identify
Potions
 c - 3 potions of haste
 d - 2 potions of mutation
 h - a potion of invisibility {unknown}
 i - 4 potions of heal wounds
 l - 2 potions of magic
 m - 3 potions of curing
 n - 7 potions of might
 u - 2 potions of brilliance
 w - 2 potions of lignification
 G - 2 potions of resistance {unknown}
Miscellaneous
 j - a condenser vane (inert)


   Skills:
 + Level 5.4 Fighting
 + Level 7.4 Short Blades
 + Level 4.8 Dodging
 + Level 12.6 Stealth
 + Level 2.2 Shields
 * Level 6.6 Evocations


You had 9 spell levels left.
You didn't know any spells.
Your spell library contained the following spells:

 Spells                   Type           Power      Damage    Failure   Level
 Apportation              Tloc           0%         N/A       21%         1
 Necrotise                Necr           0%         1d4       21%         1
 Summon Small Mammal      Summ           0%         N/A       21%         1
 Poisonous Vapours        Pois/Air       0%         N/A       32%         2
 Mephitic Cloud           Conj/Pois/Air  0%         N/A       50%         3
 Tukima's Dance           Hex            0%         N/A       50%         3
 Passage of Golubria      Tloc           0%         N/A       86%         4
 Freezing Cloud           Conj/Ice/Air   0%         6-21      99%         5
 Summon Forest            Summ/Tloc      0%         N/A       99%         5
 Yara's Violent Unravell  Hex/Tmut       0%         3d3       99%         5
 Eringya's Noxious Bog    Tmut/Pois      0%         4d6       100%        6
 Summon Hydra             Summ           0%         N/A       100%        7


Dungeon Overview and Level Annotations

Branches:
Dungeon (9/15)             Temple (0/1) D:6
   Lair: D:8-11         Orc: D:9-12

Altars:
Cheibriados
Elyvilon
Fedhas
Okawaru
Qazlal
Xom
Yredelemnul
Zin
The Shining One

Shops:
D:4 *

Annotations:
D:5 1 runed translucent door, jpeg9000's ghost, novice TrBe


Innate Abilities, Weirdness & Mutations

You cannot wear most types of armour.
You are amphibious.
You can wear up to eight rings at the same time.
Your skin changes colour to match your surroundings (Stealth+).
Your rubbery body absorbs attacks. (AC +1, EV +1)
((You are camouflaged when in or above water. (Stealth+)))
You have tentacles for arms and can constrict up to eight enemies at once.
One of your tentacles bears a spike.
You are partially covered in iridescent scales. (AC +2)
You are agile. (Dex +4, Str/Int -1)
Your flesh is cold resistant. (rC+)
You are covered in fur. (AC +1)
Your muscles are strong. (Str +4, Int/Dex -1)
Your spells are a little harder to cast, but a little more powerful.
You have hidden genetic potential.
You expend magic power (3 MP) to strengthen your wands.


Message History

You hit the orc but do no damage. You drain the orc. You grab the orc.
You pierce the orc.
You squeeze the orc, but do no damage.
The orc is severely wounded.
You constrict the orc. You block the orc's attack. x2
You hit the orc but do no damage.
You pierce the orc, but do no damage.
The orc is almost dead.
You constrict the orc.
You kill the orc!
The orc barely misses you.
You hit the orc. You grab the orc.
You pierce the orc.
You kill the orc!
Okay, then.
HP restored.
u - 2 potions of brilliance (gained 1)
A two-headed ogre comes into view.
It is wielding a +0 giant club and a +0 giant spiked club.
Found 14 gold pieces.
Found a stone staircase leading down.
A two-headed ogre is nearby!
A two-headed ogre is nearby!
A two-headed ogre is nearby!
A centaur comes into view.
Found a potion of curing.
A wyvern and a black bear come into view.
Xom makes a sudden noise!
You hear snatches of song.
You hear an angry hiss.
You hear an angry growl. x2; You hear an angry hiss. x2
The two-headed ogre attacks as it pursues you!
The two-headed ogre misses you. x2
The two-headed ogre attacks as it pursues you!
You block the two-headed ogre's attack.
The two-headed ogre hits you with a +0 giant spiked club!!
The centaur wields a +0 shortbow.
The centaur shoots an arrow.
The arrow hits you! You block the two-headed ogre's attack.
The two-headed ogre barely misses you.
The centaur shoots an arrow.
The arrow hits you!
You are now a special plaything of Xom.
Clouds condense from the air!
The condenser dries out!
The two-headed ogre is engulfed in noxious fumes.
You block the two-headed ogre's attack.
The two-headed ogre hits you with a +0 giant spiked club!!
You die...
Xom guffaws!

.....#...# ..... #.# .....
.........#......c#.. .....
.........#... ...#..## ....#
.....<...^... !^...##..>.#
....))...#... #.#..#....##
....))...# #.c$........
.....)...# #.#...?.....
.........#########§c.........
.....#..........@O...........
#######.....###..§§..........
####### ######.........
##...##... ##### ###


You could see a two-headed ogre and a centaur.

Vanquished Creatures
  A two-headed ogre (D:8)
  Prince Ribbit (D:5)
  The ghost of Kurtz the Chopper, an amateur OpFi (D:4)
  A water moccasin (D:5)
  A sky beast (D:8)
  An ice beast (D:7)
  A black bear (D:6)
  2 centaurs
  3 ogres
  2 phantoms (D:5)
  4 gnoll sergeants
  A scorpion (D:4)
  10 wights (D:8)
  3 killer bees (D:7)
  A howler monkey (D:7)
  4 quasits (D:4)
  5 hounds
  Crazy Yiuf (D:4)
  6 orc priests
  3 iguanas
  A sleepcap (D:3)
  6 orc wizards
  Robin (D:2)
  11 adders
  23 gnolls
  5 shadow imps
  A white imp (D:5)
  2 worms (D:2)
  4 dart slugs
  17 orcs
  4 endoplasms
  7 giant cockroaches
  12 goblins
  12 hobgoblins
  3 jackals (D:1)
  9 kobolds
  4 quokkas
  5 ball pythons
  6 bats
  5 frilled lizards
  6 rats
196 creatures vanquished.

Vanquished Creatures (collateral kills)
  3 gnolls
3 creatures vanquished.

Vanquished Creatures (others)
  A bullfrog (D:8)
  A hound zombie (D:5)
  3 orcs (D:8)
5 creatures vanquished.

Grand Total: 204 creatures vanquished

Notes
Turn   | Place    | Note
-------+----------+-------------------------------------------
     0 | D:1      | Xavori the Octopode Chaos Knight began the quest for the
                  | Orb.
     0 | D:1      | Reached XP level 1. HP: 16/16 MP: 1/1
   113 | D:1      | Reached XP level 2. HP: 21/21 MP: 2/2
   117 | D:1      | XOM: smoke on damage
   526 | D:1      | Reached XP level 3. HP: 26/26 MP: 3/3
   667 | D:1      | Reached skill level 1 in Stealth
   981 | D:1      | XOM: silly message
  1713 | D:1      | XOM: divination: detect items
  2694 | D:1      | XOM: scenery: summon butterflies
  2712 | D:1      | XOM: cloud trail
  2809 | D:1      | XOM: god gift: scroll labelled WEDAHAT ODGHEXT {god gift}
  3359 | D:1      | XOM: give mutations
  3359 | D:1      | Gained mutation: You are frail. (-10% HP) [Xom's mischief]
  3359 | D:1      | Lost mutation: You are frail. (-10% HP) [Xom's mischief]
  3359 | D:1      | Gained mutation: One of your tentacles bears a spike.
                  | [Xom's mischief]
  3359 | D:1      | Gained mutation: You possess an exceptional clarity of
                  | mind. [Xom's mischief]
  3556 | D:1      | XOM is BORED!
  3891 | D:1      | XOM: silly message
  4068 | D:1      | XOM: scenery: create altars
  4379 | D:1      | XOM: give mutations
  4379 | D:1      | Gained mutation: You are agile. (Dex +4, Str/Int -1) [Xom's
                  | grace]
  4379 | D:1      | Gained mutation: You are covered in fur. (AC +1) [Xom's
                  | grace]
  4875 | D:1      | XOM: divination: detect items
  5125 | D:1      | XOM is BORED!
  5125 | D:1      | XOM: give mutations
  5125 | D:1      | Gained mutation: Your flesh is cold resistant. (rC+) [Xom's
                  | mischief]
  5125 | D:1      | Gained mutation: Your muscles are strong. (Str +4, Int/Dex
                  | -1) [Xom's mischief]
  5125 | D:1      | Lost mutation: One of your tentacles bears a spike. [Xom's
                  | mischief]
  5218 | D:1      | XOM: noise
  5394 | D:1      | XOM: god gift: 52 gold pieces
  5869 | D:1      | XOM: god gift: +3 heavy arbalest
  6834 | D:1      | XOM: give mutations
  6834 | D:1      | Gained mutation: Your spells are a little harder to cast,
                  | but a little more powerful. [Xom's grace]
  6834 | D:1      | Gained mutation: One of your tentacles bears a spike.
                  | [Xom's grace]
  6834 | D:1      | Gained mutation: You expend magic power (3 MP) to
                  | strengthen your wands. [Xom's grace]
  6834 | D:1      | Gained mutation: You are partially covered in iridescent
                  | scales. (AC +2) [Xom's grace]
  6944 | D:2      | Reached skill level 2 in Stealth
  6944 | D:2      | Reached XP level 4. HP: 31/31 MP: 4/4
  7002 | D:2      | Found an iron altar of Okawaru.
  7067 | D:2      | Noticed Robin
  7076 | D:2      | Killed Robin
  7118 | D:2      | Reached skill level 3 in Stealth
  7165 | D:2      | Reached XP level 5. HP: 28/37 MP: 5/5
  7191 | D:2      | XOM: scenery: 1 doors open
  7305 | D:2      | XOM: summons friendly white imp
  7309 | D:2      | Reached skill level 4 in Stealth
  7309 | D:2      | XOM: god gift: condenser vane
  7500 | D:2      | XOM: god gift: 2 amethyst potions {god gift}
  7502 | D:2      | XOM: god gift: wand of paralysis (5)
  7722 | D:3      | Found a glowing silver altar of Zin.
  7724 | D:3      | Found a glowing golden altar of the Shining One.
  7744 | D:3      | Found a white marble altar of Elyvilon.
  7902 | D:3      | Reached XP level 6. HP: 43/43 MP: 6/6
  7936 | D:3      | Reached skill level 1 in Evocations
  8088 | D:3      | XOM: god gift: 5 stones
  8115 | D:3      | Found a faded altar of an unknown god.
  8262 | D:3      | XOM: 1-stop teleportation journey
  8360 | D:3      | XOM: blink monster(s)
  8366 | D:3      | Reached skill level 5 in Stealth
  8415 | D:4      | XOM: noise
  8494 | D:4      | Found Qufao's Lightly-Used Armoury.
  8577 | D:4      | XOM: confuse monster(s)
  8579 | D:4      | Reached skill level 6 in Stealth
  8579 | D:4      | Reached XP level 7. HP: 47/47 MP: 7/7
  8594 | D:4      | Found a runed translucent door.
  8595 | D:4      | Noticed Crazy Yiuf
  8624 | D:4      | Found a blossoming altar of Fedhas.
  8677 | D:4      | Found a transporter.
  8677 | D:4      | Noticed Kurtz's ghost (amateur OpFi)
  8760 | D:4      | Found a transporter.
  8811 | D:4      | XOM: chaos cloud
  8843 | D:4      | XOM: confuse monster(s)
  8844 | D:4      | Reached skill level 7 in Stealth
  8844 | D:4      | XOM: summons 2 friendly demons
  8852 | D:4      | Reached skill level 5 in Short Blades
  8856 | D:4      | Killed Kurtz's ghost
  8955 | D:4      | XOM: divination: detect creatures
  9025 | D:4      | XOM: scenery: create altars
  9132 | D:4      | Killed Crazy Yiuf
  9133 | D:4      | Reached skill level 8 in Stealth
  9133 | D:4      | Reached XP level 8. HP: 52/54 MP: 8/8
  9173 | D:5      | Entered Level 5 of the Dungeon
  9216 | D:5      | Found a runed translucent door.
  9216 | D:5      | Noticed jpeg9000's ghost (novice TrBe)
  9232 | D:5      | Noticed Prince Ribbit
  9239 | D:5      | Killed Prince Ribbit
  9240 | D:5      | Reached skill level 9 in Stealth
  9670 | D:5      | XOM: cast spell 'Summon Hydra'
  9688 | D:5      | Reached skill level 10 in Stealth
  9742 | D:5      | XOM: god gift: runed chain mail {god gift}
  9806 | D:6      | Reached XP level 9. HP: 59/59 MP: 9/9
  9872 | D:6      | XOM: confuse monster(s)
  9978 | D:6      | XOM: summons 2 hostile demons
 10014 | D:6      | Found a basalt altar of Yredelemnul.
 10053 | D:6      | Found a staircase to the Ecumenical Temple.
 10078 | D:6      | XOM: divination: magic mapping
 10140 | D:6      | Found a stormy altar of Qazlal.
 10421 | D:6      | XOM: silly message
 10494 | D:6      | Found a snail-covered altar of Cheibriados.
 10564 | D:6      | XOM: god gift: scale mail {god gift}
 10571 | D:7      | Reached skill level 5 in Evocations
 10667 | D:7      | XOM: noise
 10675 | D:7      | Reached skill level 11 in Stealth
 10677 | D:7      | XOM: blink monster(s)
 10683 | D:7      | XOM: summons friendly shadow imp
 11399 | D:8      | XOM: 4-stop teleportation journey
 11405 | D:8      | XOM: enchant monster (good)
 11413 | D:8      | XOM: give mutation
 11413 | D:8      | Lost mutation: You possess an exceptional clarity of mind.
                  | [Xom's mischief]
 11418 | D:8      | Reached skill level 5 in Fighting
 11419 | D:8      | XOM: divination: detect items
 11420 | D:8      | XOM: fog
 11569 | D:7      | XOM: give mutation
 11569 | D:7      | Gained mutation: You have hidden genetic potential. [Xom's
                  | grace]
 11606 | D:8      | Reached skill level 1 in Shields
 11678 | D:8      | Identified the +7 hand axe of the Enormous God {heavy, rC++
                  | rN++ Str+3}
 11781 | D:8      | XOM: enchant monster (good)
 11854 | D:8      | Reached skill level 12 in Stealth
 11861 | D:8      | XOM: blink monster(s)
 11871 | D:8      | XOM: silly message
 11915 | D:8      | Reached XP level 10. HP: 66/66 MP: 10/10
 11993 | D:8      | XOM: scenery: create altars
 11998 | D:8      | Noticed a two-headed ogre
 12001 | D:8      | Killed a two-headed ogre
 12069 | D:8      | XOM: 5-stop teleportation journey
 12300 | D:9      | Noticed a two-headed ogre
 12307 | D:9      | XOM: noise
 12312 | D:9      | Slain by a two-headed ogre

Illustrated notes

Levels and vault maps discovered:
D:1:      eino_arrival_druids_welcome, layout_basic
D:2:      layout_basic, basic_altar, uniq_robin
D:3:      layout_basic, dreamdust_divine_triumvirate,
          dreamdust_ecumenical_altar_statues, grunt_decor_cap
D:4:      layout_basic, fedhas_altar_2, gammafunk_ghost_stat_death,
          minmay_shop_damaged, uniq_crazy_yiuf_cottage
D:5:      layout_rooms, gammafunk_ghost_grave, lightli_minifort,
          uniq_prince_ribbit1
D:6:      layout_layer_cave, mainiacjoe_overflow_24_doors,
          kennysheep_little_box, nicolae_overflow_hidden_temple, temple_doors_cd
D:7:      layout_cave_pools, minmay_misc_feat_diagonals
D:8:      layout_loops_ring, minmay_misc_feat_encased, minmay_misc_feat_pillars
D:9:      layout_rooms, mainiacjoe_overflow_small_starburst, lemuel_tele_altar,
          mainiacjoe_overflow_divided_tiny, minmay_lair_entry_grove, orc_0_dummy

Skill      XL: |  1  2  3  4  5  6  7  8  9 10 |
---------------+-------------------------------+-----
Stealth        | 2 3 4 6 8 10 12 | 12.6
Short Blades   | 4 5 6 7 |  7.4
Dodging        | 3 4 |  4.8
Evocations     | 1 3 4 6 |  6.6
Fighting       | 4 5 |  5.4
Shields        | 1 2 |  2.2

Action                     |  1- 3 |  4- 6 |  7- 9 | 10-12 || total
---------------------------+-------+-------+-------+-------++-------
  Melee: Short sword       |    74 |   109 |   201 |    23 ||   407
         Constrict         |    16 |    31 |    47 |     6 ||   100
         Tentacles         |    11 |    22 |    46 |     5 ||    84
         Kick              |     3 |    39 |    83 |     8 ||   133
         Punch             |       |     1 |     6 |     1 ||     8
  Evoke: Condenser vane    |       |       |     1 |     1 ||     2
    Use: Scroll            |     1 |     6 |    11 |     1 ||    19
         Potion            |       |     1 |       |       ||     1
   Stab: Sleeping          |     9 |    16 |    25 |     3 ||    53
         Paralysed         |       |     1 |     2 |       ||     3
         Confused          |       |       |     2 |       ||     2
         Distracted        |       |       |     1 |       ||     1
         Petrifying        |       |       |     1 |       ||     1
 Armour: Skin              |    25 |    30 |    70 |    15 ||   140
  Dodge: Dodged            |    27 |    55 |   113 |    23 ||   218
  Block: Buckler           |       |       |    40 |    14 ||    54

Table legend: (Time is in decaauts)
 A = Elapsed time spent in this place.
 B = Non-inter-level travel time spent in this place.
 C = Inter-level travel time spent in this place.
 D = Time resting spent in this place.
 E = Time spent auto-exploring this place.
 F = Levels seen in this place.
 G = Mean time per level.
                   A        B        C        D        E       F      G
               +--------+--------+--------+--------+--------+-----+--------+
         Total |  12214 |  11956 |    258 |   6439 |   4337 |   9 | 1357.1 |
       Dungeon |  12214 |  11956 |    258 |   6439 |   4337 |   9 | 1357.1 |
               +--------+--------+--------+--------+--------+-----+--------+

Top non-repeatable levels by time:
     D:1: 6815 daAuts
     D:8: 870 daAuts
     D:3: 868 daAuts
     D:6: 811 daAuts
     D:7: 764 daAuts
     D:4: 746 daAuts
     D:2: 700 daAuts
     D:5: 567 daAuts
     D:9: 70 daAuts
